 Dungeon Crawl Stone Soup version 0.31.0-32-g396128a36d (webtiles) character file.

Game seed: 15606448404828215443

4433 Brozodor the Basher (level 10, -2/101 HPs)
             Began as a Minotaur Berserker on Apr 2, 2024.
             Was a High Priest of Trog.
             Slain by a yak (12 damage)
             ... on level 8 of the Dungeon.
             The game lasted 00:50:56 (6846 turns).

Brozodor the Basher (Minotaur Berserker)            Turns: 6846, Time: 00:50:57

Health: -2/101     AC: 18    Str: 26    XL:     10   Next: 14%
Magic:  9/9        EV:  8    Int:  4    God:    Trog [*****.]
Gold:   224        SH:  0    Dex: 10    Spells: 9/9 levels left

rFire   . . .        B - +7 hammer of Zodduj {elec, rC+ rN+}
rCold   + . .        (no shield)
rNeg    + . .        L - +0 plate armour
rPois   .            (helmet restricted)
rElec   .            q - +0 cloak
rCorr   .            l - +1 pair of gloves {hurl}
SInv    .            (no boots)
Will    .....        G - amulet of faith Stlth
                     (no ring)
HPRegen 0.36/turn    (no ring)
MPRegen 0.11/turn

%: faith
@: no status effects
A: horns 2, retaliatory headbutt, robust 1
a: Renounce Religion, Berserk, Trog's Hand, Brothers in Arms


You were on level 8 of the Dungeon.
You worshipped Trog.
Trog was extremely pleased with you.
You visited 2 branches of the dungeon, and saw 9 of its levels.
You also visited: Ossuary.

You collected 350 gold pieces.
You spent 126 gold pieces at shops.

Inventory:

Hand Weapons
 t - a +0 mace of protection
 w - a +4 flail
 x - a +0 spear
 z - a +3 quarterstaff of chaos
 B - the +7 hammer of Zodduj (weapon) {elec, rC+ rN+}
   (You found it on level 3 of the Dungeon)

   rC+:       It protects you from cold.
   rN+:       It protects you from negative energy.
 N - a +0 dagger
 Q - a +3 glaive
Armour
 e - a +0 chain mail
 l - a +1 pair of gloves of hurling (worn)
 o - an orb of energy
 q - a +0 cloak (worn)
 v - a +1 hat
 L - a +0 plate armour (worn)
Jewellery
 d - an amulet of guardian spirit
 E - an amulet of guardian spirit
 G - an amulet of faith (around neck)
 J - the ring of Uromet {Wiz SInv}
   (You found it on level 6 of the Dungeon)

   [ring of wizardry]

   Wiz:       It improves your spell success rate.
   SInv:      It lets you see invisible.
 P - a ring of see invisible
Wands
 y - a wand of flame (22)
 M - a wand of mindburst (10)
Scrolls
 a - 2 scrolls of noise
 b - 2 scrolls of teleportation
 c - 4 scrolls of enchant weapon
 f - 2 scrolls of amnesia
 i - a scroll of enchant armour
 j - a scroll of immolation
 m - 2 scrolls of brand weapon
 r - a scroll of fog {unknown}
 s - a scroll of poison {unknown}
 u - 2 scrolls of fear
 C - 2 scrolls of blinking {unknown}
 D - a scroll of butterflies {unknown}
 H - a scroll of acquirement {unknown}
Potions
 h - 4 potions of brilliance
 k - 6 potions of curing
 n - a potion of haste
 p - a potion of heal wounds
 A - a potion of mutation
 F - a potion of enlightenment
 O - a potion of ambrosia


   Skills:
 * Level 9.6 Fighting
 * Level 12.9 Maces & Flails
 + Level 9.2 Armour
 - Level 2.3 Dodging


You had 9 spell levels left.
You didn't know any spells.
Your spell library contained the following spells:

 Spells                   Type           Power      Damage    Failure   Level
 Freeze                   Ice            0%         1d3       99%         1
 Static Discharge         Conj/Air       0%         3-3/arc   100%        2
 Dazzling Flash           Conj/Hex       0%         N/A       100%        3
 Frozen Ramparts          Ice            0%         1d1       100%        3
 Hailstorm                Conj/Ice       0%         3d5       100%        3
 Mephitic Cloud           Conj/Alch/Air  0%         N/A       100%        3
 Airstrike                Air            0%         2d(0-16)  100%        4
 Summon Lightning Spire   Summ/Air       0%         N/A       100%        4
 Curse of Agony           Necr           0%         N/A       100%        5
 Silence                  Hex/Air        0%         N/A       100%        5


Dungeon Overview and Level Annotations

Branches:
Dungeon (8/15)             Temple (1/1) D:6         Ossuary (visited)
   Lair: D:8-11

Altars:
Cheibriados
Dithmenos
Elyvilon
Fedhas
Gozag
Hepliaklqana
Kikubaaqudgha
Makhleb
Nemelex Xobeh
Okawaru
Qazlal
Ru
Sif Muna
Trog
Uskayaw
Vehumet
Wu Jian
Xom
Yredelemnul
Zin
The Shining One

Shops:
D:3 :   D:4 *   D:5 [

Portals:
Bailey: D:8


Innate Abilities, Weirdness & Mutations

You have a pair of horns on your head.
You reflexively headbutt those who attack you in melee.
You are robust. (+10% HP)


Message History

You hit the yak but do no damage. The yak gores you. The yak barely misses you.
The yak gores you but does no damage. The yak gores you but does no damage.
The yak attacks as it pursues you! The yak barely misses you.
You furiously retaliate!
You headbutt the yak!
There is a shaft here.
You feel a little less clever now.
The yak falls through a shaft!
The shaft crumbles and collapses.
The yak attacks as it pursues you! The yak gores you but does no damage.
The goblin attacks as it pursues you! The goblin barely misses you.
The goblin attacks as it pursues you! The goblin hits you but does no damage.
The goblin attacks as it pursues you! The goblin hits you but does no damage.
The goblin hits you but does no damage. The yak closely misses you.
You hear the creaking of a portcullis very nearby.
The goblin hits you but does no damage. The goblin attacks as it pursues you!
The goblin barely misses you. The yak gores you.
The yak attacks as it pursues you! The yak gores you.
* * * LOW HITPOINT WARNING * * *
The goblin attacks as it pursues you! The goblin hits you but does no damage.
The yak attacks as it pursues you! The yak gores you.
* * * LOW HITPOINT WARNING * * *
The yak attacks as it pursues you! The yak gores you.
* * * LOW HITPOINT WARNING * * *
The goblin barely misses you. The yak barely misses you.
The goblin attacks as it pursues you! The goblin hits you but does no damage.
The yak attacks as it pursues you! The yak closely misses you.
You furiously retaliate!
You headbutt the yak. The goblin hits you but does no damage.
The yak gores you but does no damage. The yak gores you.
* * * LOW HITPOINT WARNING * * *
A wolf comes into view.
The goblin attacks as it pursues you! The goblin barely misses you.
The yak snorts and paws the ground.
The yak attacks as it pursues you! The yak gores you!
* * * LOW HITPOINT WARNING * * *
The goblin attacks as it pursues you! The goblin hits you but does no damage.
The yak attacks as it pursues you! The yak gores you.
* * * LOW HITPOINT WARNING * * *
There is a stone staircase leading up here.
The yak gores you!
You die...

#............#
...# .........)..#
#...
#..........#.#..#
##....).......)#
h.#.........!..###
.....##..........#
..##.g....#.......
.. #..YY..........
..
###.@.#########.
....#.......## ..
.........)...#...
........†.[.#...
##..##.........#
#..###.....#..#
#...#=.....#..#
..#.[..!(...##
..........###


You could see 2 yaks and a goblin.

Vanquished Creatures
  Erica (D:8)
  Grinder (D:3)
  6 yaks
  Menkaure (D:6)
  A water moccasin (D:7)
  An orc warrior (D:7)
  A sky beast (D:6)
  2 black bears
  2 ogres (D:6)
  A phantom (D:7)
  Blork the orc (D:6)
  2 elf zombies (Ossuary)
  A kobold brigand (D:7)
  4 bullfrogs
  A gnoll sergeant (D:6)
  A wight (D:7)
  A bombardier beetle (D:4)
  A centaur zombie (Ossuary)
  2 hounds
  4 human zombies (Ossuary)
  Crazy Yiuf (D:3)
  3 jellies
  5 orc priests
  4 iguanas
  Ijyb (D:5)
  Terence (D:2)
  6 orc wizards
  6 hound zombies (Ossuary)
  3 mummies
  Robin (D:2)
  11 gnolls
  5 adders
  A shadow imp (D:8)
  3 white imps
  6 adder zombies (Ossuary)
  4 ribbon worms
  A dart slug (D:2)
  23 orcs
  9 bats
  5 endoplasms
  2 giant cockroaches (D:1)
  20 goblins
  6 hobgoblins
  2 jackals (D:1)
  5 quokkas
  8 ball pythons
  5 frilled lizards
  6 gnoll zombies (Ossuary)
  2 jackal zombies (Ossuary)
  12 kobolds
  4 kobold zombies (Ossuary)
  6 orc zombies (Ossuary)
  8 rats
220 creatures vanquished.

Vanquished Creatures (others)
  An orc wizard (D:6)
1 creature vanquished.

Grand Total: 221 creatures vanquished

Notes
Turn   | Place    | Note
-------+----------+-------------------------------------------
     0 | D:1      | Brozodor the Minotaur Berserker began the quest for the
                  | Orb.
     0 | D:1      | Reached XP level 1. HP: 19/19 MP: 0/0
   239 | D:1      | Reached XP level 2. HP: 27/27 MP: 1/1
   243 | D:1      | Reached skill level 4 in Maces & Flails
   465 | D:1      | Reached ** piety under Trog
   716 | D:1      | Reached XP level 3. HP: 34/34 MP: 2/2
  1240 | D:2      | Noticed Robin
  1245 | D:2      | Killed Robin
  1250 | D:2      | Reached XP level 4. HP: 41/41 MP: 3/3
  1478 | D:2      | Noticed Terence
  1483 | D:2      | Killed Terence
  1620 | D:3      | Noticed Grinder
  1634 | D:3      | Killed Grinder
  1635 | D:3      | Reached skill level 5 in Fighting
  1635 | D:3      | Reached skill level 6 in Maces & Flails
  1635 | D:3      | Reached XP level 5. HP: 33/48 MP: 4/4
  1635 | D:3      | Reached XP level 6. HP: 39/56 MP: 5/5
  1706 | D:3      | Found Ceosk's Book Emporium.
  1731 | D:3      | You fall into a shaft and drop 1 floor!
  1792 | D:3      | Reached *** piety under Trog
  1940 | D:3      | Found a runed translucent door.
  1941 | D:3      | Noticed Crazy Yiuf
  2350 | D:3      | Killed Crazy Yiuf
  2357 | D:3      | Identified the +7 hammer of Zodduj {elec, rC+ rN+}
  2524 | D:4      | Found a basalt altar of Yredelemnul.
  2745 | D:4      | Found Fyuxig's General Store.
  2752 | D:4      | Bought a scroll of enchant armour for 82 gold pieces
  2752 | D:4      | Bought a scroll of immolation for 44 gold pieces
  2943 | D:4      | Reached skill level 5 in Armour
  3798 | D:5      | Entered Level 5 of the Dungeon
  3843 | D:5      | Found Duekkegg's Armour Boutique.
  3853 | D:5      | Reached XP level 7. HP: 62/62 MP: 6/6
  3860 | D:5      | Reached skill level 7 in Maces & Flails
  3860 | D:5      | Noticed Ijyb
  3868 | D:5      | Killed Ijyb
  3900 | D:5      | Found a sand-covered staircase.
  3912 | Ossuary  | Entered an ossuary
  4003 | Ossuary  | Reached **** piety under Trog
  4066 | Ossuary  | Reached XP level 8. HP: 71/71 MP: 7/7
  4070 | Ossuary  | Reached skill level 8 in Maces & Flails
  4399 | D:5      | Found a glowing golden altar of the Shining One.
  4400 | D:5      | Found a sacrificial altar of Ru.
  4403 | D:5      | Found a snail-covered altar of Cheibriados.
  4455 | D:6      | Noticed Menkaure
  4463 | D:6      | Killed Menkaure
  4464 | D:6      | Reached skill level 9 in Maces & Flails
  4663 | D:6      | Reached skill level 10 in Maces & Flails
  4762 | D:6      | Identified the ring of Uromet {Wiz SInv}
  4947 | D:6      | Noticed Blork the orc
  4955 | D:6      | Killed Blork the orc
  5156 | D:6      | Found a staircase to the Ecumenical Temple.
  5167 | Temple   | Entered the Ecumenical Temple
  5285 | D:6      | Reached ***** piety under Trog
  5286 | D:6      | Reached XP level 9. HP: 53/81 MP: 8/8
  5459 | D:6      | Found a hazy altar of Hepliaklqana.
  5471 | D:6      | Found a shadowy altar of Dithmenos.
  5482 | D:6      | Found a glowing silver altar of Zin.
  5489 | D:6      | Found a sparkling altar of Nemelex Xobeh.
  5496 | D:6      | Found a radiant altar of Vehumet.
  5505 | D:6      | Found a shimmering blue altar of Sif Muna.
  5543 | D:6      | Found a bloodstained altar of Trog.
  5785 | D:7      | Reached skill level 11 in Maces & Flails
  5816 | D:7      | Found a white marble altar of Elyvilon.
  6207 | D:7      | Reached skill level 12 in Maces & Flails
  6558 | D:7      | Received a gift from Trog
  6696 | D:8      | Noticed Erica
  6714 | D:8      | Killed Erica
  6715 | D:8      | Reached XP level 10. HP: 15/91 MP: 9/9
  6720 | D:8      | HP: 3/91 [poisoned by Erica (bolt of poison)]
  6757 | D:7      | Gained mutation: You are robust. (+10% HP) [potion of
                  | mutation]
  6812 | D:8      | Found a flagged portal.
  6846 | D:8      | Slain by a yak

Illustrated notes

Levels and vault maps discovered:
D:1:      amcnicky_arrival_feature_with_door, layout_loops_ring
D:2:      layout_loops_ring, minmay_tetromino_t2, uniq_robin, uniq_terence
D:3:      layout_rooms, serial_shops, shop, uniq_grinder,
          uniq_crazy_yiuf_cottage
D:4:      layout_basic, kennysheep_little_box, serial_shops,
          nicolae_shop_hallway_plus
D:5:      layout_gridville, grunt_temple_overflow_open,
          gup_ossuary_entry_pyramid, serial_shops, nicolae_stop_n_shop_2,
          uniq_ijyb
D:6:      layout_cave_pods, grunt_temple_overflow_octagram,
          minmay_temple_entry_stoned_glass, uniq_blork_the_orc, uniq_menkaure
D:7:      layout_rooms, elyvilon_altar_5, serial_co_window_serial,
          co_window_paths_a, co_window_paths_a, co_window_paths_b,
          co_window_corner_a, co_window_paths_a, co_window_unsneaky_path_a,
          co_window_broadway_a, co_window_unsneaky_path_e, co_window_paths_e,
          glass_columns_a, glass_columns_a, glass_columns_c, glass_columns_a,
          serial_bayou_pond_b, minmay_holes
D:8:      minmay_curly_fans, layout_cave_pools, serial_gnoll_camp,
          gnoll_camp_huts_basic, gnoll_camp_mini_hut, gnoll_camp_mini_loothouse,
          gnoll_camp_mini_shop, enter_bailey_5, minivault_23, uniq_grum,
          uniq_erica
Temple:   hellmonk_temple_rainy

Skill      XL: |  1  2  3  4  5  6  7  8  9 |
---------------+----------------------------+-----
Maces & Flails | 4 6 7 10 12 | 12.9
Fighting       | 4 5 6 7 9 |  9.6
Armour         | 3 4 5 6 7 9 |  9.2
Dodging        | |  2.3

Action                     |  1- 3 |  4- 6 |  7- 9 | 10-12 || total
---------------------------+-------+-------+-------+-------++-------
  Melee: Mace              |    94 |   109 |   249 |    19 ||   471
         Headbutt          |    11 |    12 |    36 |     7 ||    66
         Punch             |     1 |     2 |     4 |     2 ||     9
 Invoke: Berserk           |     1 |     4 |     5 |       ||    10
         Trog's Hand       |     1 |     2 |     3 |       ||     6
    Use: Scroll            |       |       |     1 |     8 ||     9
         Potion            |       |       |       |     8 ||     8
 Armour: Leather armour    |    15 |       |       |       ||    15
         Animal skin       |     5 |       |       |       ||     5
         Chain mail        |    58 |    80 |   138 |       ||   276
         Plate armour      |       |       |   117 |    44 ||   161
  Dodge: Dodged            |    49 |    52 |   135 |    18 ||   254
